 Dungeon Crawl Stone Soup version 0.31.0-32-g396128a36d (webtiles) character file.

Game seed: 473953353986526148

527 RKaid the Gusty (level 7, -3/46 HPs)
             Began as an Octopode Air Elementalist on Mar 20, 2024.
             Killed from afar by Blork the orc (10 damage)
             ... with a puff of flame
             ... on level 5 of the Dungeon.
             The game lasted 00:17:01 (5017 turns).

RKaid the Gusty (Octopode Air Elementalist)         Turns: 5017, Time: 00:17:02

Health: -3/46      AC:  1    Str:  7    XL:     7   Next: 23%
Magic:  2/12       EV: 13    Int: 20    God:
Gold:   135        SH:  0    Dex: 12    Spells: 6/13 levels left

rFire   . . .        a - +1 longbow (flame)
rCold   . . .        (shield currently unavailable)
rNeg    . . .        (helmet restricted)
rPois   .            (no amulet)
rElec   .            m - ring of wizardry {Wiz+}
rCorr   .            (no ring)
SInv    .            (no ring)
Will    .....        (no ring)
Stlth   +++          (no ring)
HPRegen 0.27/turn    (no ring)
MPRegen 0.13/turn    (no ring)
                     (no ring)

%: wizardry (x1)
@: no status effects
A: almost no armour, amphibious, 8 rings, camouflage 1, gelatinous body 1,
(nimble swimmer 1), tentacles
a: no special abilities


You were on level 5 of the Dungeon.
You visited 2 branches of the dungeon, and saw 6 of its levels.

You collected 135 gold pieces.

Inventory:

Hand Weapons
 a - a +1 longbow of flaming (weapon)
   (You found it on level 1 of the Dungeon)
 b - a +3 spectral club
   (You took it off Robin on level 4 of the Dungeon)
Armour
 f - a +0 buckler
   (You found it on level 4 of the Dungeon)
Jewellery
 m - a ring of wizardry (left tentacle) {Wiz+}
   (You found it on level 3 of the Dungeon)
Talismans
 i - a flux talisman
   (You found it on level 1 of the Dungeon)
Wands
 k - a wand of flame (21)
   (You found it on level 3 of the Dungeon)
Scrolls
 c - a scroll of enchant armour {unknown}
 g - a scroll of amnesia {unknown}
 t - a scroll of teleportation
Potions
 d - a potion of enlightenment
 h - a potion of heal wounds
 l - a potion of lignification {!q}
 n - a potion of degeneration {unknown}
 o - a potion of might
 p - a potion of brilliance


   Skills:
 + Level 3.3 Fighting
 - Level 2.0 Dodging
 - Level 2.6 Stealth
 + Level 3.7 Spellcasting
 + Level 3.5 Conjurations
 * Level 5.0 Air Magic


You had 6 spell levels left.
You knew the following spells:

 Your Spells              Type           Power      Damage    Failure   Level
a - Shock                 Conj/Air       80%        1d8       1%          1
b - Static Discharge      Conj/Air       40%        3-5/arc   1%          2
c - Airstrike             Air            12%        2d(2-18)  6%          4

Your spell library contained the following spells:

 Spells                   Type           Power      Damage    Failure   Level
 Swiftness                Air            24%        N/A       1%          3
 Apportation              Tloc           6%         N/A       5%          1
 Jinxbite                 Hex            6%         N/A       9%          2
 Gell's Gravitas          Tloc           3%         N/A       16%         3
 Teleport Other           Tloc           3%         N/A       16%         3
 Alistair's Intoxication  Alch           2%         N/A       78%         5
 Dispersal                Tloc           1%         N/A       100%        6


Dungeon Overview and Level Annotations

Branches:
Dungeon (5/15)             Temple (1/1) D:4

Altars:
Cheibriados
Elyvilon
Kikubaaqudgha
Makhleb
Nemelex Xobeh
Okawaru
Qazlal
Ru
Uskayaw
Vehumet
Wu Jian
Yredelemnul
Zin

Annotations:
D:3 exclusion: door
D:4 Grinder
D:5 Blork the orc


Innate Abilities, Weirdness & Mutations

You cannot wear most types of armour.
You are amphibious.
You can wear up to eight rings at the same time.
Your skin changes colour to match your surroundings (Stealth+).
Your rubbery body absorbs attacks. (AC +1, EV +1)
((You are camouflaged when in or above water. (Stealth+)))
You have tentacles for arms and can constrict up to eight enemies at once.


Message History

You start resting.
You see here an adder corpse.
Things that are here:
the +1 leather armour of Wyemo {rF+ Str-5 Int+3 Slay+3}; a dart slug corpse An adder comes into view.
The adder hisses angrily.
A hound comes into view.
Casting: Shock (safe; 1% risk of failure)
Confirm with . or Enter, or press ? or * to list all spells.
Aiming: Shock (safe; 1% risk of failure)
Press: ? - help, Shift-Dir - straight line, f - adder
Aim: an adder (53% to hit)
The zap hits the adder.
Casting: Shock (safe; 1% risk of failure)
Confirm with . or Enter, or press ? or * to list all spells.
Aiming: Shock (safe; 1% risk of failure)
Press: ? - help, Shift-Dir - straight line, f/p - adder
Aim: an adder (heavily wounded, 53% to hit)
The zap hits the adder!
You kill the adder!
The hound barks!
You hear a shout!
Casting: Shock (safe; 1% risk of failure)
Confirm with . or Enter, or press ? or * to list all spells.
Aiming: Shock (safe; 1% risk of failure)
Press: ? - help, Shift-Dir - straight line, f - hound
Aim: a hound (60% to hit)
The zap hits the hound.
Casting: Shock (safe; 1% risk of failure)
Confirm with . or Enter, or press ? or * to list all spells.
Aiming: Shock (safe; 1% risk of failure)
Press: ? - help, Shift-Dir - straight line, f/p - hound
Aim: a hound (lightly wounded, 60% to hit)
The zap hits the hound!
Casting: Shock (safe; 1% risk of failure)
Confirm with . or Enter, or press ? or * to list all spells.
Aiming: Shock (safe; 1% risk of failure)
Press: ? - help, Shift-Dir - straight line, f/p - hound
Aim: a hound (heavily wounded, 60% to hit)
The zap hits the hound but does no damage.
The hound bites you.
Casting: Shock (safe; 1% risk of failure)
Confirm with . or Enter, or press ? or * to list all spells.
Aiming: Shock (safe; 1% risk of failure)
Press: ? - help, Shift-Dir - straight line, f/p - hound
Aim: a hound (heavily wounded, 60% to hit)
The zap hits the hound.
The hound bites you.
Blork the orc comes into view.
He is wielding a +0 war axe.
Casting: Shock (safe; 1% risk of failure)
Confirm with . or Enter, or press ? or * to list all spells.
Aiming: Shock (safe; 1% risk of failure)
Press: ? - help, Shift-Dir - straight line, f/p - hound
Aim: a hound (severely wounded, 60% to hit)
The zap misses the hound.
The hound bites you. The hound barely misses you.
Casting: Shock (safe; 1% risk of failure)
Confirm with . or Enter, or press ? or * to list all spells.
Aiming: Shock (safe; 1% risk of failure)
Press: ? - help, Shift-Dir - straight line, f/p - hound
Aim: a hound (severely wounded, 60% to hit)
The zap hits the hound.
The zap hits Blork the orc.
The hound bites you. The hound misses you.
Things that are here:
the +1 leather armour of Wyemo {rF+ Str-5 Int+3 Slay+3}; a dart slug corpse
Casting: Shock (safe; 1% risk of failure)
Confirm with . or Enter, or press ? or * to list all spells.
Aiming: Shock (safe; 1% risk of failure)
Press: ? - help, Shift-Dir - straight line, f/p - hound
Aim: a hound (severely wounded, 60% to hit)
The zap misses the hound.
The zap hits Blork the orc.
The hound bites you. x2
Casting: Shock (safe; 1% risk of failure)
Confirm with . or Enter, or press ? or * to list all spells.
The hound is struck by an arc of lightning.
You are struck by an arc of lightning.
The lightning grounds out.
The hound bites you but does no damage.
Casting: Static Discharge (safe; 1% risk of failure)
Confirm with . or Enter, or press ? or * to list all spells.
The hound is struck by an arc of lightning.
You kill the hound!
Blork the orc is struck by an arc of lightning.
The lightning grounds out.
Your Air Magic skill increases to level 5!
Press: ? - help, v - describe, . - travel
Here: Blork the orc, wielding a +0 war axe and wearing a +0 robe (heavily wounded)
The floor.
Aiming: Throw Flame
Press: ? - help, Shift-Dir - straight line, f - Blork the orc
Aim: Blork the orc, wielding a +0 war axe and wearing a +0 robe (heavily wounded, 72% to hit)
The puff of flame misses Blork the orc.
Blork the orc hits you with a +0 war axe!
* * * LOW HITPOINT WARNING * * *
You see here an adder corpse.
Blork the orc points at you and mumbles some strange words.
The puff of frost hits you.
* * * LOW HITPOINT WARNING * * *
Blork the orc casts a spell at you. The magic dart hits you.
* * * LOW HITPOINT WARNING * * *
There is a stone staircase leading up here.
Blork the orc gestures at you while chanting.
The puff of flame hits you!
You die...

#.........##[#......
#.......#..†........
#######.######......
#.# ...... ####.#
##+#+ #..o.#####..
#.#........#
#.#.########
#..@........
######..).## ...+
..# .# #


You could see Blork the orc.

Vanquished Creatures
  A sky beast (D:4)
  A phantom (D:4)
  A scorpion (D:4)
  A bombardier beetle (D:2)
  2 hounds
  An orc wizard (D:4)
  Robin (D:4)
  6 adders
  4 dart slugs
  2 ribbon worms (D:3)
  3 orcs (D:4)
  11 ball pythons
  4 bats
  2 bat zombies (D:3)
  8 endoplasms
  2 giant cockroaches (D:2)
  12 goblins
  12 hobgoblins
  8 jackals
  4 quokkas
  6 frilled lizards
  2 frilled lizard zombies (D:3)
  13 kobolds
  4 rats
111 creatures vanquished.

Notes
Turn   | Place    | Note
-------+----------+-------------------------------------------
     0 | D:1      | RKaid the Octopode Air Elementalist began the quest for the
                  | Orb.
     0 | D:1      | Reached XP level 1. HP: 11/11 MP: 3/3
   212 | D:1      | Reached XP level 2. HP: 18/18 MP: 3/5
   437 | D:1      | Reached skill level 1 in Fighting
   548 | D:1      | Reached XP level 3. HP: 20/23 MP: 0/6
   903 | D:1      | Found a faded altar of an unknown god.
  1670 | D:2      | Reached XP level 4. HP: 28/28 MP: 4/7
  1838 | D:2      | Reached skill level 2 in Conjurations
  2534 | D:3      | Reached skill level 2 in Fighting
  2588 | D:3      | Reached XP level 5. HP: 34/34 MP: 2/9
  2737 | D:3      | Learned a level 4 spell: Airstrike
  2740 | D:3      | Learned a level 2 spell: Static Discharge
  2799 | D:3      | Found a basalt altar of Yredelemnul.
  2799 | D:3      | Noticed a weeping skull
  3483 | D:3      | Reached skill level 3 in Spellcasting
  3574 | D:3      | Found an ancient bone altar of Kikubaaqudgha.
  3713 | D:4      | Identified the +2 pair of gloves "Geowkuat" {+Inv}
  3714 | D:4      | Noticed a sky beast
  3724 | D:4      | HP: 9/51 [something (5)]
  3726 | D:4      | HP: 4/51 [something (5)]
  3736 | D:4      | Killed a sky beast
  3737 | D:4      | Reached skill level 4 in Air Magic
  3737 | D:4      | Reached XP level 6. HP: 26/41 MP: 4/10
  3907 | D:4      | Reached skill level 3 in Conjurations
  4049 | D:4      | Noticed Robin
  4054 | D:4      | Killed Robin
  4166 | D:4      | Noticed Grinder
  4212 | D:4      | HP: 10/41 [poisoned by a scorpion]
  4460 | D:4      | Found a staircase to the Ecumenical Temple.
  4469 | Temple   | Entered the Ecumenical Temple
  4528 | D:4      | Reached skill level 3 in Fighting
  4544 | D:4      | HP: 10/42 [phantom (2)]
  4547 | D:4      | Reached XP level 7. HP: 12/46 MP: 3/12
  4929 | D:5      | Entered Level 5 of the Dungeon
  4952 | D:5      | Identified the +1 leather armour of Wyemo {rF+ Str-5 Int+3
                  | Slay+3}
  4996 | D:5      | Noticed Blork the orc
  5004 | D:5      | Reached skill level 5 in Air Magic
  5008 | D:5      | HP: 11/46 [Blork the orc/puff of frost (2)]
  5016 | D:5      | HP: 7/46 [Blork the orc/magic dart (6)]
  5017 | D:5      | Killed from afar by Blork the orc

Illustrated notes

Levels and vault maps discovered:
D:1:      psy_arrival_terrarium, layout_basic,
          shapermc_ecumenical_altar_mp_highgroup, minmay_box_of_dots
D:2:      layout_basic
D:3:      layout_basic, lemuel_zombie_altar_kikubaaqudgha,
          yredelemnul_forgotten_temple_becter, minmay_misc_feat_cross,
          kennysheep_generic_room_4
D:4:      layout_loops_corners, minmay_temple_entry_crystal_x, uniq_robin,
          uniq_grinder
D:5:      layout_basic, mainiacjoe_overflow_boulevard, uniq_blork_the_orc,
          uniq_crazy_yiuf_cottage, uniq_sigmund
Temple:   minmay_freezing_vapour_temple

Skill      XL: |  1  2  3  4  5  6  7 |
---------------+----------------------+-----
Fighting       | 1 2 3 |  3.3
Conjurations   | 2 3 |  3.5
Spellcasting   | 3 |  3.7
Air Magic      | 4 5 |  5.0
Dodging        | |  2.0
Stealth        | |  2.6

Action                     |  1- 3 |  4- 6 |  7- 9 || total
---------------------------+-------+-------+-------++-------
  Melee: Unarmed           |     6 |       |       ||     6
         Constrict         |     2 |       |       ||     2
         Tentacles         |     1 |       |       ||     1
         Club              |       |    12 |       ||    12
   Fire: Longbow           |     8 |    63 |     5 ||    76
   Cast: Shock             |    67 |    83 |    13 ||   163
         Airstrike         |       |     4 |       ||     4
         Static Discharge  |       |       |     2 ||     2
  Evoke: Wand              |       |       |     1 ||     1
    Use: Scroll            |       |     1 |     2 ||     3
         Potion            |       |     7 |       ||     7
 Armour: Skin              |    10 |    53 |    15 ||    78
  Dodge: Dodged            |     8 |    40 |     3 ||    51

Table legend: (Time is in decaauts)
 A = Elapsed time spent in this place.
 B = Non-inter-level travel time spent in this place.
 C = Inter-level travel time spent in this place.
 D = Time resting spent in this place.
 E = Time spent auto-exploring this place.
 F = Levels seen in this place.
 G = Mean time per level.
                   A        B        C        D        E       F      G
               +--------+--------+--------+--------+--------+-----+--------+
         Total |   5068 |   4891 |    177 |   1354 |   2659 |   6 |  844.7 |
       Dungeon |   5064 |   4887 |    177 |   1354 |   2659 |   5 | 1012.8 |
        Temple |      3 |      3 |      0 |      0 |      0 |   1 |    3.0 |
               +--------+--------+--------+--------+--------+-----+--------+

Top non-repeatable levels by time:
     D:1: 1327 daAuts
     D:4: 1312 daAuts
     D:2: 1184 daAuts
     D:3: 1150 daAuts
     D:5: 89 daAuts
  Temple: 3 daAuts

Table legend:
 A = Kills in this place as a percentage of kills in the entire game.
 B = Kills by you in this place as a percentage of kills by you in the entire game.
 C = Kills by friends in this place as a percentage of kills by friends in the entire game.
 D = Other kills in this place as a percentage of other kills in the entire game.
 E = Experience gained in this place as a percentage of experience gained in the entire game.
 F = Experience gained in this place divided by the number of levels of this place that you have seen.
                   A       B       C       D       E      F
               +-------+-------+-------+-------+-------+----------------------
         Total | 100.0 | 100.0 |   N/A |   N/A | 100.0 | 125.7
       Dungeon | 100.0 | 100.0 |   N/A |   N/A | 100.0 | 150.8
               +-------+-------+-------+-------+-------+----------------------
